 Dungeon Crawl Stone Soup version 0.31-a0-435-g2c6fae2916 (webtiles) character file.

Game seed: 15874652600595117351

207 AdnanSaban the Covered (level 5, -8/33 HPs)
             Began as a Gargoyle Fighter on Aug 1, 2023.
             Mangled by Menkaure (12 damage)
             ... on level 4 of the Dungeon.
             The game lasted 00:02:00 (2598 turns).

AdnanSaban the Covered (Gargoyle Fighter)           Turns: 2598, Time: 00:02:01

Health: -8/33      AC: 12    Str: 22    XL:     5   Next: 85%
Magic:  5/5        EV:  9    Int:  8    God:
Gold:   168        SH:  5    Dex: 15    Spells: 4/4 levels left

rFire   . . .        a - +0 flail
rCold   . . .        c - +0 buckler
rNeg    + . .        b - +0 scale mail
rPois   ∞            (no helmet)
rElec   +            (no cloak)
rCorr   .            e - +0 pair of gloves
SInv    .            (no boots)
Will    +....        (no amulet) Stlth
                     i - +6 ring of dexterity
HPRegen 0.25/turn    j - ring of willpower
MPRegen 0.09/turn

%: no passive effects
@: no status effects
A: sickness immunity, AC +4, negative energy resistance 1, electricity
resistance, torment resistance 1, petrification resistance
a: no special abilities


You were on level 4 of the Dungeon.
You visited 1 branch of the dungeon, and saw 4 of its levels.

You collected 168 gold pieces.

Inventory:

Hand Weapons
 a - a +0 flail (weapon)
Armour
 b - a +0 scale mail (worn)
 c - a +0 buckler (worn)
 e - a +0 pair of gloves (worn)
Jewellery
 i - a +6 ring of dexterity (left hand)
 j - a ring of willpower (right hand)
 q - the amulet of Uneack {Spirit rElec}
   (You found it on level 3 of the Dungeon)

   [amulet of guardian spirit]

   It causes incoming damage to be divided between your reserves of health and
   magic.
   rElec:     It insulates you from electricity.
Scrolls
 f - a scroll of noise {unknown}
 h - a scroll of torment {unknown}
 k - a scroll of blinking {unknown}
 m - a scroll of summoning {unknown}
 o - a scroll of fear {unknown}
 p - a scroll of identify {unknown}
Potions
 d - 3 potions of might
 g - a potion of curing {unknown}
 l - a potion of cancellation {unknown}
 n - 2 potions of mutation {unknown}


   Skills:
 + Level 4.1 Fighting
 + Level 3.7 Maces & Flails
 + Level 4.6 Armour
 + Level 0.7 Dodging
 + Level 0.4 Stealth
 + Level 3.8 Shields


You had 4 spell levels left.
You didn't know any spells.
Your spell library contained the following spells:

 Spells                   Type           Power      Damage    Failure   Level
 Freeze                   Ice            0%         1d3       80%         1
 Wereblood                Tmut           0%         N/A       90%         2
 Frozen Ramparts          Ice            0%         1d1       99%         3
 Hailstorm                Conj/Ice       0%         3d3       99%         3
 Olgreb's Toxic Radiance  Pois           0%         N/A       100%        4
 Irradiate                Conj/Tmut      0%         3d11      100%        5
 Discord                  Hex            0%         N/A       100%        8
 Ignition                 Fire           0%         3d3       100%        8


Dungeon Overview and Level Annotations

Branches:
Dungeon (4/15)
 Temple: D:4-7

Altars:

Shops:
D:3 :

Annotations:
D:3 1 runed translucent door, paps's ghost, amateur OpSh
D:4 Menkaure


Innate Abilities, Weirdness & Mutations

You are immune to sickness and miasma.
Your stone body is resilient. (AC +4)
You are immune to poison.
You resist negative energy. (rN+)
You are resistant to electric shocks. (rElec)
You are resistant to unholy torment.
You are immune to petrification.


Message History

You block the orc's attack. The orc hits you but does no damage.
You sock the orc!
You kill the orc!
You see here a +0 mace.
You see here a +0 mace.
There is a stone staircase leading down here.
You start resting.
HP restored.
You climb downwards.
Level annotation: Menkaure
There is a stone staircase leading up here.
You see here a hobgoblin corpse.
You sock Menkaure!
Menkaure is heavily damaged.
Menkaure hits you.
You hit Menkaure but do no damage.
Menkaure is heavily damaged.
Menkaure gestures at you while chanting.
Pain shoots through your body!
You barely miss Menkaure.
Menkaure is heavily damaged.
Menkaure hits you.
You hit Menkaure.
Menkaure is severely damaged.
Menkaure gestures wildly while chanting.
Menkaure seems to speed up.
You hit Menkaure but do no damage.
Menkaure is severely damaged.
Menkaure barely misses you. Menkaure hits you!
* * * LOW HITPOINT WARNING * * *
You are too injured to fight recklessly!
You hit Menkaure but do no damage.
Menkaure is severely damaged.
Menkaure gestures at you while chanting.
Pain shoots through your body!
* * * LOW HITPOINT WARNING * * *
You barely miss Menkaure.
Menkaure is severely damaged.
Menkaure hits you!
You die...

#.....<...#.#
#########.#.# #.#.# ...
#########.#.#
#....#.......#.#.#
#....#.......#.#.#
#....#.......#.#.#
.....#......>#.#<#
##.........†...#@#
.............###M#
#................########
#.#+#..#'#.J.............
#.#..#.#.##############
###.#..#.#.# .......#.#.#
###.#..#.#.# #.#..#.#J#


You could see Menkaure (fast).

Vanquished Creatures
  A sky beast (D:4)
  Terence (D:2)
  3 adders
  2 worms
  2 orcs (D:3)
  A ball python (D:2)
  9 endoplasms
  3 giant cockroaches (D:1)
  A goblin (D:1)
  3 hobgoblins
  3 jackals (D:2)
  3 kobolds (D:2)
  A quokka (D:1)
  8 bats
  9 frilled lizards
  2 rats
52 creatures vanquished.

Notes
Turn   | Place    | Note
-------+----------+-------------------------------------------
     0 | D:1      | AdnanSaban the Gargoyle Fighter began the quest for the
                  | Orb.
     0 | D:1      | Reached XP level 1. HP: 14/14 MP: 1/1
   136 | D:1      | Reached XP level 2. HP: 19/19 MP: 2/2
   362 | D:1      | You fall into a shaft and drop 1 floor!
   770 | D:2      | Reached XP level 3. HP: 23/23 MP: 3/3
  1082 | D:2      | Noticed Terence
  1100 | D:2      | Killed Terence
  1108 | D:2      | Reached XP level 4. HP: 10/29 MP: 4/4
  1336 | D:3      | Found Fysehat's Book Shoppe.
  1781 | D:3      | Identified the amulet of Uneack {Spirit rElec}
  1906 | D:3      | Found a runed translucent door.
  1907 | D:3      | Noticed paps's ghost (amateur OpSh)
  2347 | D:4      | Noticed a sky beast
  2364 | D:4      | Killed a sky beast
  2365 | D:4      | Reached XP level 5. HP: 7/33 MP: 5/5
  2532 | D:4      | Noticed Menkaure
  2598 | D:4      | Mangled by Menkaure

Illustrated notes

Levels and vault maps discovered:
D:1:      dpeg_arrival_line_fractal, layout_loops_cross
D:2:      layout_basic, uniq_terence
D:3:      layout_loops_corners, serial_shops, nicolae_shop_statue_plus,
          gammafunk_ghost_grave, minmay_between
D:4:      layout_basic, uniq_blork_the_orc, uniq_menkaure, uniq_edmund

Skill      XL: |  1  2  3  4 |
---------------+-------------+-----
Armour         | 4 |  4.6
Maces & Flails | 3 |  3.7
Fighting       | 4 |  4.1
Dodging        | |  0.7
Stealth        | |  0.4
Shields        | |  3.8

Action                     |  1- 3 |  4- 6 || total
---------------------------+-------+-------++-------
  Melee: Flail             |    78 |   110 ||   188
 Armour: Scale mail        |    31 |    58 ||    89
  Dodge: Dodged            |    34 |    65 ||    99
  Block: Buckler           |    18 |    26 ||    44

Table legend: (Time is in decaauts)
 A = Elapsed time spent in this place.
 B = Non-inter-level travel time spent in this place.
 C = Inter-level travel time spent in this place.
 D = Time resting spent in this place.
 E = Time spent auto-exploring this place.
 F = Levels seen in this place.
 G = Mean time per level.
                   A        B        C        D        E       F      G
               +--------+--------+--------+--------+--------+-----+--------+
         Total |   2651 |   2596 |     55 |     13 |   2113 |   4 |  662.8 |
       Dungeon |   2651 |   2596 |     55 |     13 |   2113 |   4 |  662.8 |
               +--------+--------+--------+--------+--------+-----+--------+

Top non-repeatable levels by time:
     D:3: 1061 daAuts
     D:1: 697 daAuts
     D:2: 627 daAuts
     D:4: 265 daAuts
